 Dungeon Crawl Stone Soup version 0.21.1-1-g345015f (webtiles) character file.

3 tidbits the Grave Robber (level 1, 10/13 HPs)
             Began as a Gnoll Necromancer on June 29, 2018.
             Quit the game on level 1 of the Dungeon.
             The game lasted 00:01:03 (179 turns).

tidbits the Grave Robber (Gnoll Necromancer)         Turns: 179, Time: 00:01:03

Health: 10/13      AC:  2    Str: 10    XL:     1   Next: 50%
Magic:  6/6        EV: 14    Int: 17    God:
Gold:   8          SH:  0    Dex: 15    Spells: 8/9 levels left

rFire    . . .     SeeInvis .   (no weapon)
rCold    . . .     Gourm    .   (no shield)
rNeg     . . .     Faith    .   a - +0 robe
rPois    .         Spirit   .   (no helmet)
rElec    .         Reflect  .   (no cloak)
rCorr    .         Harm     .   (no gloves)
MR       .....                  (no boots)
Stlth    +++.......             (no amulet)
HPRegen  0.04/turn              (no ring)
MPRegen  0.10/turn              (no ring)

@: no status effects
A: distributed training, fangs 1, strong nose
a: no special abilities


You were on level 1 of the Dungeon.
You were not hungry.

You visited 1 branch of the dungeon, and saw 2 of its levels.

You collected 8 gold pieces.

Inventory:

Armour
 a - a +0 robe (worn)
Scrolls
 e - a scroll of fog {unknown}
 h - a scroll of teleportation {unknown}
 i - a scroll of magic mapping {unknown}
Potions
 d - a potion of degeneration {unknown}
 f - a potion of heal wounds {unknown}
 g - a potion of curing {unknown}
Books
 b - a book of Necromancy

   Spells                             Type                      Level
   a - Pain                           Necromancy                   1
   b - Animate Skeleton               Necromancy                   1
   c - Vampiric Draining              Necromancy                   3
   d - Regeneration                   Charms/Necromancy            3
   e - Animate Dead                   Necromancy                   4
   f - Borgnjor's Vile Clutch         Necromancy/Earth             5
Comestibles
 c - a ration


   Skills:
 + Level 0.0 Fighting
 + Level 0.0 Short Blades
 + Level 0.0 Long Blades
 + Level 0.0 Axes
 + Level 0.0 Maces & Flails
 + Level 0.0 Polearms
 + Level 0.0 Staves
 + Level 0.0 Slings
 + Level 0.0 Bows
 + Level 0.0 Crossbows
 + Level 0.0 Throwing
 + Level 0.0 Armour
 + Level 4.4 Dodging
 + Level 4.0 Stealth
 + Level 0.0 Shields
 + Level 0.0 Unarmed Combat
 + Level 4.8 Spellcasting
 + Level 0.0 Conjurations
 + Level 0.0 Hexes
 + Level 0.0 Charms
 + Level 0.0 Summonings
 + Level 7.0 Necromancy
 + Level 0.0 Translocations
 + Level 0.0 Transmutations
 + Level 0.0 Fire Magic
 + Level 0.0 Ice Magic
 + Level 0.0 Air Magic
 + Level 0.0 Earth Magic
 + Level 0.0 Poison Magic
 + Level 0.1 Invocations
 + Level 0.0 Evocations


You had 8 spell levels left.
You knew the following spells:

 Your Spells              Type           Power        Failure   Level  Hunger
a - Pain                  Necr           ####         1%          1    None


Dungeon Overview and Level Annotations

Branches:
Dungeon (2/15)

Altars:


Innate Abilities, Weirdness & Mutations

Your experience applies equally to all skills.
You have very sharp teeth.
Your uncanny sense of smell can sniff out nearby items.


Message History

d - a yellow potion
There is a staircase leading out of the dungeon here.
Found a scroll labeled FOCZAO PYDDETA.
You see here a scroll labeled FOCZAO PYDDETA.
e - a scroll labeled FOCZAO PYDDETA You open the door.
Found an inky potion.
Found a stone staircase leading down.
There is an open door here.
You see here an inky potion.
f - an inky potion
There is a stone staircase leading down here.
As you open the large door, it creaks loudly!
You hear a shout!
Found a stone staircase leading down.
Unknown command.
You climb downwards.
There is a stone staircase leading up here.
Unknown command.
Found a brown potion.
You see here a brown potion.
g - a brown potion
There is a stone staircase leading up here.
You climb upwards.
A hobgoblin comes into view. It is wielding a club.
The hobgoblin hits you with a club.
There is a stone staircase leading down, spattered with blood here.
Casting: Pain
Confirm with . or Enter, or press ? or * to list all spells.
Aiming: Pain
Press: ? - help, Shift-Dir - straight line, f - hobgoblin
Aim: a hobgoblin, wielding a club (chance to defeat MR: 93%)
The hobgoblin writhes in agony!
You kill the hobgoblin!
There is a large open door here.
There is a large open door here.
There is a stone staircase leading down here.
You climb downwards.
A rat comes into view.
There is a stone staircase leading up here.
Casting: Pain
Confirm with . or Enter, or press ? or * to list all spells.
Aiming: Pain
Press: ? - help, Shift-Dir - straight line, f - rat
Aim: a rat (resting, chance to defeat MR: 93%)
The rat writhes in agony!
Casting: Pain
Confirm with . or Enter, or press ? or * to list all spells.
Aiming: Pain
Press: ? - help, Shift-Dir - straight line, f/p - rat
Aim: a rat (heavily wounded, chance to defeat MR: 93%)
The rat writhes in agony!
You kill the rat!
You open the door.
Found 3 gold pieces.
There is an open door here.
There is a stone staircase leading up here.
You climb upwards.
There is a stone staircase leading down here.
Unknown command.
There is a large open door here.
There is a large open door here.
Found 10 gold pieces.
Found 8 gold pieces and a scroll labeled ZEINNUHOUC.
You see here 8 gold pieces.
You now have 8 gold pieces.
You see here a scroll labeled ZEINNUHOUC.
h - a scroll labeled ZEINNUHOUC A rat comes into view.
Unknown command.
Casting: Pain
Confirm with . or Enter, or press ? or * to list all spells.
You can't see any susceptible monsters within range! (Use Z to cast anyway.)
Found a scroll labeled UZYOPN ASTE.
Casting: Pain
Confirm with . or Enter, or press ? or * to list all spells.
Aiming: Pain
Press: ? - help, Shift-Dir - straight line, f - rat
Aim: a rat (resting, chance to defeat MR: 93%)
The rat writhes in agony!
You kill the rat!
You see here a scroll labeled UZYOPN ASTE.
i - a scroll labeled UZYOPN ASTE As you open the door, it creaks loudly!
A frilled lizard comes into view.
The frilled lizard hisses angrily.
Casting: Pain
Confirm with . or Enter, or press ? or * to list all spells.
Aiming: Pain
Press: ? - help, Shift-Dir - straight line, f - frilled lizard
Aim: a frilled lizard (chance to defeat MR: 93%)
The frilled lizard writhes in agony!
You kill the frilled lizard!
There is an open door here.
Magic restored.
You enter a teleport trap!
The teleport trap disappears.
Your surroundings suddenly seem different.
Unknown command.
Are you sure you want to abandon this character and quit the game? (Confirm with "yes".)

#...
#...
###.
#. ..
####
###
..#
####.#
#@##.#
#.##.#
#.##.#
#.##.#
#.##.#
#.##.#
#.##.#
#....#
######


There were no monsters in sight!

Vanquished Creatures
  A hobgoblin (D:1)
  A frilled lizard (D:1)
  2 rats
4 creatures vanquished.

Notes
Turn   | Place    | Note
-------+----------+-------------------------------------------
     0 | D:1      | tidbits the Gnoll Necromancer began the quest for the Orb.
     0 | D:1      | Reached XP level 1. HP: 13/13 MP: 6/6
   179 | D:1      | Quit the game

Action                   || total
-------------------------++-------
 Cast: Pain              ||     5

Table legend:
 A = Turns spent in this place as a percentage of turns spent in the entire game.
 B = Non-inter-level travel turns spent in this place as a percentage of non-inter-level travel turns spent in the entire game.
 C = Inter-level travel turns spent in this place as a percentage of turns spent in this place.
 D = Turns resting spent in this place as a percentage of non-inter-level travel turns spent in this place.
 E = Turns spent auto-exploring this place as a percentage of non-inter-level travel turns spent in this place.
 F = Non-inter-level travel turns spent in this place divided by the number of levels of this place that you've seen.
                   A       B       C       D       E      F
               +-------+-------+-------+-------+-------+----------------------
         Total | 100.0 | 100.0 |   6.1 |   0.0 |   0.0 |  84.0
       Dungeon | 100.0 | 100.0 |   6.1 |   0.0 |   0.0 |  84.0
               +-------+-------+-------+-------+-------+----------------------

Table legend:
 A = Kills in this place as a percentage of kills in entire the game.
 B = Kills by you in this place as a percentage of kills by you in the entire game.
 C = Kills by friends in this place as a percentage of kills by friends in the entire game.
 D = Other kills in this place as a percentage of other kills in the entire game.
 E = Experience gained in this place as a percentage of experience gained in the entire game.
 F = Experience gained in this place divided by the number of levels of this place that you have seen.
                   A       B       C       D       E      F
               +-------+-------+-------+-------+-------+----------------------
         Total | 100.0 | 100.0 |   N/A |   N/A | 100.0 |   2.5
       Dungeon | 100.0 | 100.0 |   N/A |   N/A | 100.0 |   2.5
               +-------+-------+-------+-------+-------+----------------------

Vault maps used:
D:1:      minmay_arrival_nine_rooms
D:2:      first_ration, uniq_crazy_yiuf_cottage
